 Dungeon Crawl Stone Soup version 0.25.0-9-g26727b6 (webtiles) character file.

Game seed: 10865839529724660709

439 shmeve the Chopper (level 6, 0/57 HPs)
             Began as a Minotaur Berserker on June 21, 2020.
             Was a Priest of Trog.
             Slain by Crazy Yiuf
             ... wielding a +4 quarterstaff of chaos
              (4 damage)
             ... on level 3 of the Dungeon.
             The game lasted 00:04:58 (2682 turns).

shmeve the Chopper (Minotaur Berserker)             Turns: 2682, Time: 00:04:58

Health: 0/57       AC:  7    Str: 22    XL:     6   Next: 70%
Magic:  5/5        EV: 13    Int:  5    God:    Trog [***...]
Gold:   76         SH:  0    Dex: 10    Spells: 5/5 levels left

rFire    . . .     SeeInvis .   u - +0 broad axe
rCold    . . .     Gourm    .   (no shield)
rNeg     . . .     Faith    .   o - +2 animal skin
rPois    .         Spirit   .   (helmet restricted)
rElec    .         Reflect  .   g - +1 cloak
rCorr    .         Harm     .   e - +0 pair of gloves
MR       .....                  (no boots)
Stlth    +.........             (no amulet)
HPRegen  0.19/turn              (no ring)
MPRegen  0.09/turn              (no ring)

@: lethally poisoned (0 -> -4), berserk cooldown, slowed, very slow
A: retaliatory headbutt, horns 2
a: Berserk, Trog's Hand, Renounce Religion


You were on level 3 of the Dungeon.
You worshipped Trog.
Trog was most pleased with you.
You were very hungry.

You visited 1 branch of the dungeon, and saw 3 of its levels.

You collected 76 gold pieces.

Inventory:

Hand Weapons
 b - a +0 hunting sling
 u - a +0 broad axe (weapon)
Armour
 e - a +0 pair of gloves (worn)
 g - a +1 cloak (worn)
 o - a +2 animal skin (worn)
Jewellery
 v - a +4 ring of slaying {unknown}
Scrolls
 f - a scroll of random uselessness {unknown}
 h - a scroll of immolation {unknown}
 i - 4 scrolls of identify {unknown}
 j - a scroll of enchant armour {unknown}
 k - 2 scrolls of fear {unknown}
 m - a scroll of remove curse {unknown}
 p - a scroll of blinking {unknown}
 s - a scroll of teleportation {unknown}
 t - a scroll of magic mapping {unknown}
Potions
 a - a potion of magic {unknown}
 d - 2 potions of stabbing {unknown}
 l - a potion of might {unknown}
 n - 2 potions of curing {unknown}
 q - a potion of cancellation {unknown}
Comestibles
 c - 2 rations
 r - 4 chunks of flesh


   Skills:
 * Level 5.7 Fighting
 * Level 5.8 Axes
 * Level 2.3(2.5) Slings
 - Level 1.3(2.0) Throwing
 + Level 3.7 Armour
 + Level 3.3 Dodging


You had 5 spell levels left.
You didn't know any spells.
Your spell library was empty.

Dungeon Overview and Level Annotations

Branches:
Dungeon (3/15)

Altars:
Elyvilon
Fedhas
Nemelex Xobeh
Okawaru
Yredelemnul
Zin

Annotations:
D:3 Crazy Yiuf


Innate Abilities, Weirdness & Mutations

You reflexively headbutt those who attack you in melee.
You have a pair of horns on your head.


Message History

You are exhausted.
You feel yourself slow down.
You feel sick.
Crazy Yiuf hits you with a +4 quarterstaff of chaos.
You are electrocuted!!
You barely miss Crazy Yiuf. Your headbutt misses Crazy Yiuf.
Crazy Yiuf is heavily wounded.
You feel sick. Crazy Yiuf barely misses you. You furiously retaliate!
You headbutt Crazy Yiuf, but do no damage.
Some of the chunks of flesh in your inventory have rotted away.
You hit Crazy Yiuf. Your headbutt misses Crazy Yiuf.
Crazy Yiuf is severely wounded.
You feel sick.
Crazy Yiuf hits you with a +4 quarterstaff of chaos!
* * * LOW HITPOINT WARNING * * *
Crazy Yiuf burns you.
* * * LOW HITPOINT WARNING * * *
Crazy Yiuf hits you with a +4 quarterstaff of chaos!
* * * LOW HITPOINT WARNING * * *
Crazy Yiuf burns you.
You die...

##.#
#.....#####...#
##.### #.....#
##### ..##.#
##...... .##÷.#
##..#### .#.###
#### #.###
.##.## #####
.#.#÷# #)..#
..##.# #@..#
###.## #g..#
##_## ##'##
#### ♣.♣♣ ...#
♣♣.♣ ...# ♣.♣♣
...##########
♣♣.♣
............#
♣♣.♣♣
###########.#
♣♣...♣


You could see Crazy Yiuf.

Vanquished Creatures
  Sigmund (D:3)
  A centaur zombie (D:2)
  An orc wizard (D:3)
  Robin (D:2)
  8 gnolls (D:2)
  2 adders (D:3)
  2 oozes
  2 dart slugs
  A leopard gecko (D:3)
  8 orcs (D:3)
  4 giant cockroaches
  16 goblins
  10 hobgoblins
  8 jackals
  9 kobolds
  9 bats
  7 frilled lizards
  9 rats
  A spectral orc (D:2)
100 creatures vanquished.

Notes
Turn   | Place    | Note
-------+----------+-------------------------------------------
     0 | D:1      | shmeve the Minotaur Berserker began the quest for the Orb.
     0 | D:1      | Reached XP level 1. HP: 19/19 MP: 0/0
    89 | D:1      | Reached XP level 2. HP: 27/27 MP: 1/1
   413 | D:1      | Reached XP level 3. HP: 33/33 MP: 2/2
   547 | D:1      | Reached ** piety under Trog
  1065 | D:2      | Reached skill level 1 in Throwing
  1065 | D:2      | Reached XP level 4. HP: 34/41 MP: 3/3
  1184 | D:2      | Found a glowing silver altar of Zin.
  1455 | D:2      | Found a basalt altar of Yredelemnul.
  1455 | D:2      | Noticed Robin
  1463 | D:2      | Reached XP level 5. HP: 47/47 MP: 4/4
  1468 | D:2      | Killed Robin
  1468 | D:2      | Reached skill level 5 in Axes
  1781 | D:2      | Reached skill level 5 in Fighting
  1909 | D:2      | Found a sparkling altar of Nemelex Xobeh.
  1909 | D:2      | Found a transporter.
  2024 | D:3      | Reached *** piety under Trog
  2051 | D:3      | Reached skill level 1 in Slings
  2081 | D:3      | Found a white marble altar of Elyvilon.
  2082 | D:3      | Noticed Sigmund
  2097 | D:3      | Killed Sigmund
  2097 | D:3      | Reached XP level 6. HP: 53/56 MP: 5/5
  2225 | D:3      | Found an iron altar of Okawaru.
  2335 | D:3      | Found a blossoming altar of Fedhas.
  2670 | D:3      | Found a runed translucent door.
  2671 | D:3      | Noticed Crazy Yiuf
  2682 | D:3      | Slain by Crazy Yiuf

Illustrated notes

Levels and vault maps discovered:
D:1:      eino_arrival_druids_welcome, layout_loops_ring,
          chequers_serial_rivers_large_a, minmay_3d_cube
D:2:      layout_basic, yredelemnul_forgotten_temple_becter,
          lemuel_crystal_altar, grunt_nemelex_the_gamble, uniq_robin
D:3:      layout_loops_ring, elyvilon_altar_5, marbit_many_paths,
          kennysheep_okawaru_gauntlet, uniq_sigmund, uniq_crazy_yiuf_cottage

Skill      XL: |  1  2  3  4  5 |
---------------+----------------+-----
Fighting       | 4 5 |  5.7
Axes           | 4 5 |  5.8
Throwing       | 1 |  1.3
Armour         | 3 |  3.7
Dodging        | 3 |  3.3
Slings         | 2 |  2.3

Action                   |  1- 3 |  4- 6 || total
-------------------------+-------+-------++-------
Melee: Hand axe          |    71 |    68 ||   139
       Headbutt          |     8 |    14 ||    22
       Broad axe         |       |    27 ||    27
Invok: Berserk           |       |     5 ||     5
       Trog's Hand       |       |     1 ||     1
 Stab: Sleeping          |     1 |     1 ||     2
  Eat: Chunk             |     1 |     9 ||    10
Armor: Animal skin       |    29 |    35 ||    64
Dodge: Dodged            |    49 |    72 ||   121
